 Dungeon Crawl Stone Soup version 0.25-a0-253-g6f1b5d974a (webtiles) character file.

Game seed: 796896577769790838, levelgen mode: classic

1491 Borgoz the Skirmisher (level 8, -1/79 HPs)
             Began as a Gargoyle Fighter on Dec 6, 2019.
             Was an Initiate of Ashenzari.
             Slain by an orc warrior
             ... wielding a +0 long sword of slicing
              (4 damage)
             ... on level 6 of the Dungeon.
             The game lasted 00:09:54 (4971 turns).

Borgoz the Skirmisher (Gargoyle Fighter)            Turns: 4971, Time: 00:09:55

Health: -1/79      AC: 24    Str: 22    XL:     8   Next: 80%
Magic:  8/8        EV:  2    Int:  9    God:    Ashenzari [......]
Gold:   343        SH:  0    Dex:  9    Spells: 4/7 levels left

rFire    . . .     SeeInvis .   a - +0 long sword (curse)
rCold    . . .     Gourm    .   (no shield)
rNeg     + + +     Faith    .   (armour currently unavailable)
rPois    ∞         Spirit   .   (helmet currently unavailable)
rElec    .         Reflect  .   (cloak currently unavailable)
rCorr    .         Harm     .   (gloves currently unavailable)
MR       .....     NoTele   +   (boots currently unavailable)
Stlth    +.........             e - amulet of the acrobat
HPRegen  0.23/turn              (no ring)
MPRegen  0.11/turn              (no ring)

@: tree-form
A: negative energy resistance 1, petrification resistance, rot immunity, AC +5
a: Curse Item, Renounce Religion


You were on level 6 of the Dungeon.
You worshipped Ashenzari.
Ashenzari was noncommittal.
You were not hungry.
You were a tree.
You visited 1 branch of the dungeon, and saw 6 of its levels.

You collected 343 gold pieces.

Inventory:

Hand Weapons
 a - a cursed +0 long sword (weapon)
Armour
 b - a +0 scale mail (melded)
 m - a +0 pair of gloves (melded)
 w - a cursed +0 cloak (melded)
Jewellery
 e - an amulet of the acrobat (around neck)
Wands
 d - a wand of iceblast (10)
 v - a wand of scattershot (2)
Scrolls
 g - a scroll of blinking {unknown}
 j - 3 scrolls of teleportation
 n - a scroll of fog {unknown}
 p - 2 scrolls of remove curse
 r - a scroll of noise {unknown}
 t - a scroll of enchant armour {unknown}
Potions
 h - a potion of magic
 i - 2 potions of lignification
 k - 2 potions of mutation
 l - a potion of agility
 q - a potion of cancellation
 s - a potion of resistance
 u - a potion of flight
Comestibles
 c - 11 chunks of flesh
 f - 11 rations


   Skills:
 + Level 7.3 Fighting
 + Level 5.7 Long Blades
 + Level 7.3 Armour
   Level 4.1 Shields


You had 4 spell levels left.
You knew the following spells:

 Your Spells              Type           Power        Failure   Level  Hunger
a - Confuse               Hex            #.......     77%         3    ####...

Your spell library contained the following spells:

 Spells                   Type           Power        Failure   Level  Hunger
 Animate Skeleton         Necr           N/A          38%         1    ##.....
 Corona                   Hex            #......      38%         1    ##.....
 Pain                     Necr           #...         38%         1    ##.....
 Ensorcelled Hibernation  Hex/Ice        #.....       52%         2    ###....
 Dazzling Flash           Conj/Hex       #.....       77%         3    ####...
 Regeneration             Chrm/Necr      #.........   77%         3    ####...
 Tukima's Dance           Hex            #.......     77%         3    ####...
 Vampiric Draining        Necr           #.........   77%         3    ####...
 Animate Dead             Necr           N/A          99%         4    #####..


Dungeon Overview and Level Annotations

Branches:
Dungeon (6/15)
 Temple: D:4-7

Altars:
Ashenzari


Innate Abilities, Weirdness & Mutations

You are resistant to torment.
((Your stone body is resilient. (AC +5)))
You are immune to poison.
You resist negative energy. (rN+)
((You are resistant to electric shocks. (rElec)))
((You can survive without breathing.))
You are immune to petrification.
You are immune to rotting.


Message History

Aim: an orc warrior, wielding a +0 long sword of slicing and wearing a +0 plate armour (severely wounded)
The burst of metal fragments hits the orc warrior but does no damage.
The burst of metal fragments hits the orc warrior.
The burst of metal fragments hits the orc warrior but does no damage.
The burst of metal fragments hits the orc warrior.
The orc warrior is almost dead.
The orc warrior hits you but does no damage.
You hit the orc warrior but do no damage.
The orc warrior is almost dead.
The orc warrior hits you with a +0 long sword of slicing!
* * * LOW HITPOINT WARNING * * *
x2 Evoke which item? (* to show all) (? for menu, Esc to quit)
Aiming: Scattershot
Press: ? - help, Shift-Dir - straight line, f/p - orc warrior
Aim: an orc warrior, wielding a +0 long sword of slicing and wearing a +0 plate armour (almost dead)
The burst of metal fragments hits the orc warrior but does no damage. x3
The burst of metal fragments hits the scorpion but does no damage.
The orc warrior is almost dead.
The orc warrior hits you with a +0 long sword of slicing.
You die...

#............
##............
####............. #
#....#...........
#.###.#########.##÷##
#.....# #.##.##
####.## #.##<.. #.#
#.##### #♣# .# #o# .#
#s# .. #..o{#
≈≈≈...ss# ∩ ≈≈≈s....#
s≈≈.....# ####...##
....


You could see an orc warrior, a scorpion, an orc priest and 2 giant cockroaches.

Vanquished Creatures
  Sigmund (D:3)
  An ice beast (D:5)
  4 ogres
  2 centaurs (D:5)
  A bullfrog (D:5)
  A scorpion (D:4)
  Crazy Yiuf (D:3)
  An orc priest (D:4)
  A hound (D:6)
  A jelly (D:3)
  A centaur skeleton (D:4)
  Natasha (twice) (D:3)
  4 orc wizards (D:4)
  6 worker ants
  9 adders
  A shadow imp (D:5)
  2 oozes
  An adder skeleton (D:4)
  A dart slug (D:2)
  6 leopard geckos
  9 orcs
  6 giant cockroaches
  6 goblins
  7 hobgoblins
  16 jackals
  3 kobolds
  3 quokkas
  6 bats
  3 frilled lizards
  A jackal skeleton (D:6)
  12 rats
  A plant (D:1)
120 creatures vanquished.

Notes
Turn   | Place    | Note
-------+----------+-------------------------------------------
     0 | D:1      | Borgoz the Gargoyle Fighter began the quest for the Orb.
     0 | D:1      | Reached XP level 1. HP: 14/14 MP: 1/1
   267 | D:1      | Reached XP level 2. HP: 19/19 MP: 2/2
   695 | D:2      | Reached XP level 3. HP: 23/23 MP: 3/3
  1085 | D:2      | Reached XP level 4. HP: 29/29 MP: 4/4
  1652 | D:3      | Noticed Sigmund
  1683 | D:3      | HP: 1/29 [Sigmund/+0 scythe (9)]
  1684 | D:3      | Killed Sigmund
  1684 | D:3      | Reached XP level 5. HP: 1/34 MP: 5/5
  1684 | D:3      | Reached XP level 6. HP: 1/40 MP: 6/6
  2091 | D:3      | Found a runed translucent door.
  2092 | D:3      | Noticed Crazy Yiuf
  2270 | D:3      | Noticed Natasha
  2283 | D:3      | Killed Natasha
  2592 | D:3      | Noticed Natasha
  2596 | D:3      | Killed Natasha
  2596 | D:3      | Reached skill level 5 in Fighting
  2596 | D:3      | Reached skill level 5 in Armour
  2637 | D:3      | Killed Crazy Yiuf
  2987 | D:4      | Reached XP level 7. HP: 19/44 MP: 7/7
  3709 | D:4      | Found a shattered altar of Ashenzari.
  3792 | D:4      | Became a worshipper of Ashenzari the Shackled
  4036 | D:5      | Entered Level 5 of the Dungeon
  4057 | D:5      | HP: 2/46 [ogre/+0 giant club (17)]
  4064 | D:5      | Reached XP level 8. HP: 41/51 MP: 8/8
  4304 | D:5      | Reached skill level 5 in Long Blades
  4946 | D:6      | Learned a level 3 spell: Confuse
  4970 | D:6      | HP: 3/79 [orc warrior/+0 long sword of slicing (4)]
  4971 | D:6      | Slain by an orc warrior

Levels and vault maps discovered:
D:1:      roderic_crop_circles_arrival_small, layout_loops_ring
D:2:      layout_loops_ring, serial_aquarium, aquarium_bridge_square
          [aquarium_subvault_bridge, aquarium_subvault_bridge,
          aquarium_subvault_wall, aquarium_subvault_wall], aquarium_window_1,
          aquarium_window_double, aquarium_view_2c, aquarium_balcony_double_1
D:3:      layout_rooms, wander_ebering_terrifying_dragon_lair,
          uniq_crazy_yiuf_cottage, uniq_natasha, uniq_sigmund
D:4:      layout_basic, nicolae_ashenzari_panopticon, first_ration,
          hangedman_abyss_or_decor_stagger
D:5:      layout_loops_cross
D:6:      layout_rooms, lemuel_round_altar, minmay_temple_entry_junction_2,
          portal_sewer_entry_f

Skill      XL: |  1  2  3  4  5  6  7  8 |
---------------+-------------------------+-----
Long Blades    | 2 3 4 5 |  5.7
Shields        | 4 |  4.1
Fighting       | 4 5 6 7 |  7.3
Armour         | 4 5 6 7 |  7.3

Action                   |  1- 3 |  4- 6 |  7- 9 || total
-------------------------+-------+-------+-------++-------
Melee: Long sword        |   151 |   122 |   240 ||   513
Throw: Throwing net      |       |     3 |       ||     3
Invok: Curse Item        |       |       |     1 ||     1
Evoke: Wand              |       |       |     6 ||     6
  Use: Scroll            |       |     8 |     2 ||    10
       Potion            |       |     3 |     5 ||     8
  Eat: Chunk             |     1 |     6 |     7 ||    14
Armor: Scale mail        |    31 |    69 |   190 ||   290
       Skin              |       |       |     2 ||     2
Dodge: Dodged            |    33 |    59 |   163 ||   255
Block: Shield            |    37 |    22 |       ||    59
       Rpst.: Long sword |    13 |    24 |    53 ||    90

Table legend:
 A = Non-vault XP
 B = Vault XP
 C = Vault XP percentage of total XP
 D = Non-vault monster count
 E = Vault monster count
 F = Vault count percentage of total count
                 A         B        C        D         E       F
            +---------+---------+-------+---------+---------+-------
      Total |    1815 |     316 |  14.8 |     114 |       5 |   4.2
            +---------+---------+-------+---------+---------+-------
        D:1 |      25 |       0 |   0.0 |      16 |       0 |   0.0
        D:2 |      65 |       0 |   0.0 |      20 |       0 |   0.0
        D:3 |     132 |     313 |  70.3 |      21 |       4 |  16.0
        D:4 |     572 |       0 |   0.0 |      32 |       0 |   0.0
        D:5 |     936 |       0 |   0.0 |      18 |       0 |   0.0
        D:6 |      85 |       3 |   3.4 |       7 |       1 |  12.5
            +---------+---------+-------+---------+---------+-------
